 Dungeon Crawl Stone Soup version 0.28.0-43-g3370ac3207 (webtiles) character file.

Game seed: 12053684969661877360

133 jimonade the Protected (level 5, -2/37 HPs)
             Began as a Gnoll Wanderer on Mar 13, 2022.
             Slain by Terence
             ... wielding a +0 short sword
              (4 damage)
             ... on level 3 of the Dungeon.
             The game lasted 00:06:32 (3221 turns).

jimonade the Protected (Gnoll Wanderer)             Turns: 3221, Time: 00:06:33

Health: -2/37      AC: 11    Str: 10    XL:     5   Next: 16%
Magic:  9/9        EV:  5    Int: 16    God:
Gold:   161        SH:  0    Dex: 10    Spells: 9/10 levels left

rFire   . . .      SeeInvis .   a - +2 dagger
rCold   . . .      Faith    .   (no shield)
rNeg    . . .      Spirit   .   h - +0 chain mail
rPois   .          Reflect  .   (no helmet)
rElec   .          Harm     .   (no cloak)
rCorr   .          Rampage  .   (no gloves)
Will    .....                   (no boots)
Stlth   ..........              (no amulet)
HPRegen 0.12/turn               (no ring)
MPRegen 0.11/turn               (no ring)

@: no status effects
A: fangs 1, strong nose, distributed training
a: no special abilities


You were on level 3 of the Dungeon.
You visited 1 branch of the dungeon, and saw 3 of its levels.

You collected 161 gold pieces.

Inventory:

Hand Weapons
 a - a +2 dagger (weapon)
 i - a +0 hunting sling
 p - a +1 dagger of draining
 r - a +1 vorpal war axe
Missiles
 b - 4 curare-tipped darts
 e - 74 stones
 g - 31 arrows
Armour
 c - a +0 ring mail
 h - a +0 chain mail (worn)
 q - a +0 leather armour of cold resistance
Magical Staves
 k - a staff of fire
Wands
 l - a wand of flame (20)
Scrolls
 f - 3 scrolls of identify {unknown}
 o - a scroll of teleportation {unknown}
 s - a scroll of blinking {unknown}
Potions
 d - a potion of ambrosia {unknown}
 j - 2 potions of brilliance {unknown}
 m - a potion of heal wounds {unknown}
 n - a potion of cancellation {unknown}


   Skills:
 + Level 1.4 Fighting
 + Level 1.4 Short Blades
 + Level 1.4 Long Blades
 + Level 1.4 Axes
 + Level 1.4 Maces & Flails
 + Level 1.4 Polearms
 + Level 1.4 Staves
 + Level 1.4 Slings
 + Level 1.4 Bows
 + Level 1.4 Crossbows
 + Level 6.6 Throwing
 + Level 8.6 Armour
 + Level 1.4 Dodging
 + Level 1.4 Stealth
 + Level 1.4 Shields
 + Level 1.4 Unarmed Combat
 + Level 3.1 Spellcasting
 + Level 1.1 Conjurations
 + Level 1.1 Hexes
 + Level 1.1 Summonings
 + Level 1.1 Necromancy
 + Level 1.1 Translocations
 + Level 1.1 Transmutations
 + Level 3.9 Fire Magic
 + Level 1.1 Ice Magic
 + Level 1.1 Air Magic
 + Level 1.1 Earth Magic
 + Level 1.1 Poison Magic
 + Level 1.5 Invocations
 + Level 1.4 Evocations


You had 9 spell levels left.
You knew the following spells:

 Your Spells              Type           Power      Damage    Failure   Level
a - Foxfire               Conj/Fire      40%        2x1d6     94%         1

Your spell library contained the following spells:

 Spells                   Type           Power      Damage    Failure   Level
 Magic Dart               Conj           24%        1d4       99%         1
 Shock                    Conj/Air       24%        1d4       99%         1
 Call Imp                 Summ           6%         N/A       100%        2
 Ignite Poison            Fire/Tmut/Pois 9%         N/A       100%        3
 Mephitic Cloud           Conj/Pois/Air  6%         N/A       100%        3
 Swiftness                Air            6%         N/A       100%        3
 Airstrike                Air            3%         N/A       100%        4


Dungeon Overview and Level Annotations

Branches:
Dungeon (3/15)

Altars:

Annotations:
D:3 Terence


Innate Abilities, Weirdness & Mutations

You have very sharp teeth.
Your uncanny sense of smell can sniff out nearby items.
Your experience applies equally to all skills.


Message History

Terence screams, "I'm going to kill you!"
Terence barely misses you.
You hit Terence but do no damage.
Terence is moderately wounded.
Terence hits you with a +0 short sword.
* * * LOW HITPOINT WARNING * * *
You hit Terence but do no damage.
Terence is moderately wounded.
Terence hits you but does no damage.
You hit Terence but do no damage. Your bite misses Terence.
Terence is moderately wounded.
Terence shouts, "ATTACK!!!"
Terence hits you but does no damage.
You hit Terence.
Terence is severely wounded.
Terence hits you but does no damage.
You hit Terence but do no damage.
Terence is severely wounded.
Terence hits you with a +0 short sword.
* * * LOW HITPOINT WARNING * * *
You hit Terence but do no damage.
Terence is severely wounded.
Terence hits you but does no damage.
You barely miss Terence.
Terence is severely wounded.
You hit Terence but do no damage. You bite Terence, but do no damage.
Terence is severely wounded.
Terence hits you with a +0 short sword.
* * * LOW HITPOINT WARNING * * *
You hit Terence but do no damage.
Terence is severely wounded.
Terence hits you with a +0 short sword.
* * * LOW HITPOINT WARNING * * *
You hit Terence.
Terence is severely wounded.
Terence hits you but does no damage.
You hit Terence.
Terence is almost dead.
Terence hits you with a +0 short sword.
You die...

##########
#....@....
##.#.....#
#@#..#.## #@#..#.#
#.#..#.# .#
#.#..#.# .#
#.#..#.##.# #
##.##....#.########
#............. ....
##)###.##..########
#..................
#......#...........


You could see Terence.

Vanquished Creatures
  An orc priest (D:3)
  2 adders (D:3)
  A worm (D:3)
  A dart slug (D:1)
  4 orcs (D:3)
  6 bats
  8 endoplasms
  3 giant cockroaches (D:1)
  11 hobgoblins
  7 quokkas
  5 ball pythons
  2 frilled lizards
  8 goblins
  7 kobolds
  4 rats
70 creatures vanquished.

Notes
Turn   | Place    | Note
-------+----------+-------------------------------------------
     0 | D:1      | jimonade the Gnoll Wanderer began the quest for the Orb.
     0 | D:1      | jimonade set off with the following items: a +2 dagger, 4
                  | curare-tipped darts, a +0 ring mail; and the following
                  | spell memorised: Foxfire; and the following spells
                  | available to memorise: Ignite Poison
     0 | D:1      | Reached XP level 1. HP: 13/13 MP: 4/4
   113 | D:1      | Reached XP level 2. HP: 16/19 MP: 5/5
   497 | D:1      | Found a faded altar of an unknown god.
   626 | D:1      | Reached XP level 3. HP: 21/25 MP: 7/7
  1162 | D:1      | Reached skill level 1 in Invocations
  1463 | D:2      | Reached skill level 1 in Fighting
  1463 | D:2      | Reached skill level 1 in Short Blades
  1463 | D:2      | Reached skill level 1 in Long Blades
  1463 | D:2      | Reached skill level 1 in Axes
  1463 | D:2      | Reached skill level 1 in Maces & Flails
  1463 | D:2      | Reached skill level 1 in Polearms
  1463 | D:2      | Reached skill level 1 in Staves
  1463 | D:2      | Reached skill level 1 in Slings
  1463 | D:2      | Reached skill level 1 in Bows
  1463 | D:2      | Reached skill level 1 in Crossbows
  1463 | D:2      | Reached skill level 1 in Dodging
  1463 | D:2      | Reached skill level 1 in Stealth
  1463 | D:2      | Reached skill level 1 in Shields
  1463 | D:2      | Reached skill level 1 in Unarmed Combat
  1463 | D:2      | Reached skill level 1 in Evocations
  1690 | D:2      | Reached XP level 4. HP: 32/32 MP: 8/8
  2258 | D:3      | Reached skill level 1 in Conjurations
  2258 | D:3      | Reached skill level 1 in Hexes
  2258 | D:3      | Reached skill level 1 in Summonings
  2258 | D:3      | Reached skill level 1 in Necromancy
  2258 | D:3      | Reached skill level 1 in Translocations
  2258 | D:3      | Reached skill level 1 in Transmutations
  2258 | D:3      | Reached skill level 1 in Ice Magic
  2258 | D:3      | Reached skill level 1 in Air Magic
  2258 | D:3      | Reached skill level 1 in Earth Magic
  2258 | D:3      | Reached skill level 1 in Poison Magic
  2610 | D:3      | Reached XP level 5. HP: 37/37 MP: 9/9
  3186 | D:3      | Noticed Terence
  3221 | D:3      | Slain by Terence

Illustrated notes

Levels and vault maps discovered:
D:1:      grunt_arrival_lava_bath, layout_basic,
          chequers_ecumenical_altar_island
D:2:      layout_rooms
D:3:      layout_basic, uniq_terence

Skill      XL: |  1  2  3  4 |
---------------+-------------+-----
Invocations    | 1 |  1.5
Fighting       | 1 |  1.4
Short Blades   | 1 |  1.4
Long Blades    | 1 |  1.4
Axes           | 1 |  1.4
Maces & Flails | 1 |  1.4
Polearms       | 1 |  1.4
Staves         | 1 |  1.4
Slings         | 1 |  1.4
Bows           | 1 |  1.4
Crossbows      | 1 |  1.4
Dodging        | 1 |  1.4
Stealth        | 1 |  1.4
Shields        | 1 |  1.4
Unarmed Combat | 1 |  1.4
Evocations     | 1 |  1.4
Spellcasting   | 3 |  3.1
Conjurations   | 1 |  1.1
Hexes          | 1 |  1.1
Summonings     | 1 |  1.1
Necromancy     | 1 |  1.1
Translocations | 1 |  1.1
Transmutations | 1 |  1.1
Ice Magic      | 1 |  1.1
Air Magic      | 1 |  1.1
Earth Magic    | 1 |  1.1
Poison Magic   | 1 |  1.1
Throwing       | |  6.6
Armour         | |  8.6
Fire Magic     | |  3.9

Action                   |  1- 3 |  4- 6 || total
-------------------------+-------+-------++-------
Melee: Dagger            |   192 |   146 ||   338
       Bite              |    17 |    13 ||    30
       Punch             |     3 |     5 ||     8
Evoke: Wand              |       |     1 ||     1
Armor: Ring mail         |    66 |       ||    66
       Chain mail        |    45 |    66 ||   111
Dodge: Dodged            |    94 |    24 ||   118
